 Dungeon Crawl Stone Soup version 0.19.5 (webtiles) character file.

11265 simples the Unseen (level 11, 0/52 HPs)
             Began as a Spriggan Enchanter on Apr 29, 2017.
             Was an Initiate of Gozag.
             Slain by a hill giant
             ... wielding a cursed -3 giant spiked club
              (34 damage)
             ... on level 10 of the Dungeon.
             The game lasted 00:35:53 (14895 turns).

simples the Unseen (Spriggan Enchanter)            Turns: 14895, Time: 00:35:53

Health: 0/52       AC:  8    Str:  4    XL:     11   Next: 47%
Magic:  8/26       EV: 29    Int: 17    God:    Gozag
Gold:   1417       SH:  0    Dex: 20    Spells: 5 memorised, 18 levels left

rFire  + . .     SeeInvis +     A - +2 dagger (flame)
rCold  . . .     Gourm    .     b - +1 robe
rNeg   . . .     Faith    .     (shield restricted)
rPois  .         Spirit   .     (helmet restricted)
rElec  .         Reflect  .     a - +2 cloak {MR+}
rCorr  +         Harm     .     (gloves unavailable)
MR     ++...                    (boots unavailable)
Stlth  +++++++...               (no amulet)
                                r - ring of resist corrosion
                                f - ring of wizardry

@: very quick
A: unfitting armour, molten scales 1, see invisible, fire resistance 1,
herbivore 3, speed 3, slow metabolism 2
a: Potion Petition, Call Merchant, Bribe Branch, Renounce Religion


You were on level 10 of the Dungeon.
You worshipped Gozag.
Gozag was most pleased with you.
You were near starving.

You visited 2 branches of the dungeon, and saw 11 of its levels.
You also visited: Sewer and Bailey.

You collected 1754 gold pieces.
You spent 273 gold pieces at shops.
You paid 64 gold pieces to Gozag.

Inventory:

Hand Weapons
 A - a +2 dagger of flaming (weapon)
Armour
 a - a +2 cloak of magic resistance (worn)
 b - a +1 robe (worn)
Jewellery
 f - a ring of wizardry (left hand)
 r - a ring of resist corrosion (right hand)
Wands
 n - a wand of random effects (2/48)
 u - a wand of acid (1/15)
Scrolls
 h - a scroll of summoning {unknown}
 i - 9 scrolls of enchant weapon
 k - a scroll of noise
 m - a scroll of amnesia
 o - 2 scrolls of remove curse
 p - a scroll of blinking
 q - 2 scrolls of random uselessness
 t - 2 scrolls of teleportation
 v - a scroll of identify
 y - 4 scrolls of enchant armour
 D - a scroll of immolation {unknown}
Potions
 c - 4 potions of heal wounds
 d - 6 potions of flight
 e - 2 potions of mutation
 g - 6 potions of curing
 j - 3 potions of brilliance
 l - a potion of haste
 s - a potion of berserk rage {unknown}
 w - 2 potions of invisibility {unknown}
 z - a potion of resistance
 B - a potion of magic {unknown}
Comestibles
 x - 6 bread rations


   Skills:
 + Level 3.1 Fighting
 - Level 1.1 Short Blades
 + Level 11.7 Dodging
 * Level 17.3 Stealth
 + Level 10.0 Spellcasting
 - Level 9.3 Hexes


You had 18 spell levels left.
You knew the following spells:

 Your Spells              Type           Power        Failure   Level  Hunger
a - Corona                Hex            #####..      1%          1    None
b - Confuse               Hex            #####...     1%          3    None
c - Ensorcelled Hibernat  Hex/Ice        ###...       1%          2    None
d - Dazzling Spray        Conj/Hex       ###...       1%          3    None
e - Regeneration          Chrm/Necr      #.........   10%         3    None


Dungeon Overview and Level Annotations

Branches:
Dungeon (10/15)            Temple (1/1) D:4
   Lair: D:8-11         Orc: D:9-12

Altars:
Ashenzari
Cheibriados
Dithmenos
Elyvilon
Gozag
Hepliaklqana
Kikubaaqudgha
Makhleb
Nemelex Xobeh
Okawaru
Qazlal
Ru
Sif Muna
Trog
Uskayaw
Vehumet
Xom
Yredelemnul
Zin
The Shining One

Shops:
D:6 [

Annotations:
D:10 exclusions: orange crystal statue and 1 more exclusion


Innate Abilities, Weirdness & Mutations

You are very small and have problems with some larger weapons.
You are too small for most types of armour.
You have supernaturally acute eyesight. (SInv)
You are a herbivore.
You cover ground extremely quickly.
You need consume almost no food.
You are partially covered in molten scales. (AC +2)
Your flesh is heat resistant. (rF+)


Message History

Aiming: Ensorcelled Hibernation
Press: ? - help, Shift-Dir - straight line, f/p - hill giant
Aim: a hill giant, wielding a giant spiked club (confused, chance to defeat MR: 36%)
The hill giant easily resists.
You see here a dagger.
The hill giant hits you with a giant spiked club!!
Casting: Ensorcelled Hibernation
Confirm with . or Enter, or press ? or * to list all spells.
Aiming: Ensorcelled Hibernation
Press: ? - help, Shift-Dir - straight line, f/p - hill giant
Aim: a hill giant, wielding a giant spiked club (confused, chance to defeat MR: 36%)
The hill giant easily resists.
You hit the hill giant but do no damage.
The eye of draining gazes at you.
You feel your power leaking away.
You hit the hill giant but do no damage.
The hill giant hits you with a giant spiked club!!
Ouch! That really hurt!
You die...
Your body crumbles into a pile of gold.

#########
######.......##
#....$........##
#.####.........#****
#.# #.......#..,,,,
#.# #.........#****
###.####........##
#..).@C.G........#**
#.#.#####......#..,***
#.#.# ###.##...#,,,,
#[#.#######.###.##,,*,
#.#........G....#*,,*,
#.#########.#####*..#,
#.# #.....##..#. #.#
###...##..#. #.#
#..G......#.


You could see a hill giant (confused) and an eye of draining.

Vanquished Creatures
  A hydra (D:9)
  A centaur warrior (D:10)
  4 orc knights (Bailey)
  A cyclops (D:9)
  A komodo dragon (D:9)
  A hornet (D:9)
  Grinder (D:3)
  Prince Ribbit (D:7)
  Sigmund (D:4)
  A vampire (D:10)
  A spriggan (D:10)
  6 yaks (D:10)
  A hungry ghost (D:7)
  A vampire mosquito (D:9)
  A water moccasin (D:9)
  An ice beast (D:9)
  12 orc warriors
  2 phantoms
  2 black bears
  A necrophage (D:5)
  4 centaurs
  6 ogres
  10 bullfrogs
  The ghost of simples the Sneak, an amateur SpEn (D:4)
  5 scorpions
  A water moccasin skeleton (D:8)
  4 killer bees (D:9)
  4 crimson imps
  4 bullfrog zombies
  A centaur zombie (D:9)
  A jelly (D:4)
  7 orc priests
  9 orc wizards
  A bullfrog skeleton (D:10)
  Crazy Yiuf (D:3)
  3 centaur skeletons
  5 hounds
  Jessica (D:3)
  An iguana (D:8)
  9 worker ants
  Natasha (thrice) (D:3)
  A hound zombie (D:9)
  A worker ant zombie (D:10)
  3 gnolls (D:2)
  2 howler monkey skeletons
  12 adders
  A shadow imp (D:8)
  2 oozes
  2 adder skeletons
  An adder zombie (D:6)
  2 worms (D:3)
  4 dart slugs
  6 leopard geckos
  50 orcs
  11 bats
  5 giant cockroaches
  5 goblins
  8 hobgoblins
  24 jackals
  2 quokkas
  2 ball pythons
  7 frilled lizards
  A jackal zombie (D:5)
  7 kobolds
  A leopard gecko skeleton (D:4)
  7 rats
289 creatures vanquished.

Notes
Turn   | Place    | Note
-------+----------+-------------------------------------------
     0 | D:1      | simples the Spriggan Enchanter began the quest for the Orb.
     0 | D:1      | Reached XP level 1. HP: 9/9 MP: 5/5
   129 | D:1      | Reached XP level 2. HP: 8/13 MP: 3/6
   142 | D:1      | Reached skill level 5 in Stealth
   725 | D:1      | Reached XP level 3. HP: 16/16 MP: 6/8
   985 | D:2      | Learned a level 3 spell: Confuse
  1174 | D:2      | Found a glowing golden altar of the Shining One.
  1757 | D:3      | Learned a level 2 spell: Ensorcelled Hibernation
  1973 | D:2      | Reached XP level 4. HP: 21/21 MP: 2/9
  2161 | D:2      | Reached skill level 6 in Stealth
  2670 | D:3      | Noticed Grinder
  2681 | D:3      | Paralysed by Grinder for 4 turns
  3226 | D:3      | Killed Grinder
  3226 | D:3      | Reached skill level 7 in Stealth
  3226 | D:3      | Reached XP level 5. HP: 17/24 MP: 2/12
  3226 | D:3      | Reached XP level 6. HP: 20/28 MP: 2/13
  3507 | D:3      | Noticed Natasha
  4008 | D:3      | Reached skill level 5 in Dodging
  4013 | D:3      | Killed Natasha
  4062 | D:3      | Noticed Natasha
  4070 | D:3      | Killed Natasha
  4070 | D:3      | Reached skill level 5 in Hexes
  4140 | D:3      | Found a runed door.
  4180 | D:3      | Noticed Natasha
  4220 | D:3      | Killed Natasha
  4220 | D:3      | Reached skill level 8 in Stealth
  4565 | D:3      | Noticed Jessica
  4573 | D:3      | Killed Jessica
  4654 | D:3      | Noticed Crazy Yiuf
  4658 | D:3      | Killed Crazy Yiuf
  4711 | D:4      | Reached XP level 7. HP: 29/32 MP: 9/15
  4775 | D:4      | Noticed Sigmund
  5007 | D:4      | Reached skill level 5 in Spellcasting
  5208 | D:4      | Found a glowing drain.
  5215 | Sewer    | Entered a sewer
  5866 | D:4      | Noticed simples's ghost (amateur SpEn)
  5902 | D:4      | Found a staircase to the Ecumenical Temple.
  5910 | Temple   | Entered the Ecumenical Temple
  6012 | Temple   | Became a worshipper of Gozag Ym Sagoz the Greedy
  6069 | D:4      | Found an ancient bone altar of Kikubaaqudgha.
  6069 | D:4      | Found a hazy altar of Hepliaklqana.
  6069 | D:4      | Found a deep blue altar of Sif Muna.
  6069 | D:4      | Found a shadowy altar of Dithmenos.
  6077 | D:4      | Found an iron altar of Okawaru.
  6077 | D:4      | Found a hide-covered altar of Uskayaw.
  6123 | D:4      | Reached skill level 9 in Stealth
  6298 | D:4      | Killed simples's ghost
  6334 | D:4      | Killed Sigmund
  6527 | D:5      | Entered Level 5 of the Dungeon
  6534 | D:5      | Found an iron altar of Okawaru.
  6566 | D:5      | Reached skill level 10 in Stealth
  6566 | D:5      | Reached XP level 8. HP: 32/36 MP: 14/17
  7023 | D:5      | Reached skill level 11 in Stealth
  7103 | D:5      | Learned a level 3 spell: Dazzling Spray
  8027 | D:6      | Found Utem Yqi's Antique Armour Boutique.
  8200 | D:6      | Bought a glowing cloak for 273 gold pieces
  8440 | D:6      | Reached skill level 12 in Stealth
  8580 | D:6      | Reached XP level 9. HP: 39/39 MP: 16/20
  9043 | D:7      | Noticed Prince Ribbit
  9045 | D:7      | Killed Prince Ribbit
  9303 | D:7      | Learned a level 3 spell: Regeneration
  9662 | D:7      | Reached skill level 13 in Stealth
  9871 | D:7      | Gained mutation: You are partially covered in molten scales. (AC +2) [potion of beneficial mutation]
 11560 | D:8      | Reached skill level 14 in Stealth
 11934 | D:9      | Reached XP level 10. HP: 44/44 MP: 23/23
 12001 | D:9      | Reached skill level 10 in Dodging
 12514 | D:9      | Reached skill level 15 in Stealth
 12752 | D:9      | Noticed an eight-headed hydra
 12762 | D:9      | Noticed a cyclops
 12765 | D:9      | Killed a cyclops
 12778 | D:9      | Killed an eight-headed hydra
 12888 | D:10     | Entered Level 10 of the Dungeon
 12937 | D:10     | Found a flagged portal.
 12952 | Bailey   | Entered a bailey
 13232 | Bailey   | Reached skill level 1 in Fighting
 13232 | Bailey   | Reached skill level 16 in Stealth
 13294 | Bailey   | Gained mutation: Your flesh is heat resistant. (rF+) [potion of beneficial mutation]
 13311 | Bailey   | Noticed an orc knight
 13577 | Bailey   | Killed an orc knight
 13587 | Bailey   | Reached XP level 11. HP: 50/50 MP: 16/25
 13726 | Bailey   | Noticed an orc knight
 13774 | Bailey   | Noticed an orc knight
 13806 | Bailey   | Killed an orc knight
 13887 | Bailey   | Noticed an orc knight
 13906 | Bailey   | Killed an orc knight
 13933 | Bailey   | Killed an orc knight
 14202 | D:10     | Noticed an orange crystal statue
 14476 | D:10     | Reached skill level 17 in Stealth
 14589 | D:10     | Noticed a centaur warrior
 14620 | D:10     | Killed a centaur warrior
 14620 | D:10     | Reached skill level 10 in Spellcasting
 14624 | D:10     | Noticed a hill giant
 14645 | D:10     | Noticed a hill giant
 14895 | D:10     | Slain by a hill giant

Skill      XL: |  1  2  3  4  5  6  7  8  9 10 11 |
---------------+----------------------------------+-----
Stealth        | 5 7 8 10 12 14 16 17 | 17.3
Hexes          | 4 5 6 7 8 9 |  9.3
Spellcasting   | 3 4 5 6 8 9 10 | 10.0
Dodging        | 4 5 6 8 9 11 | 11.7
Fighting       | 1 3 |  3.1
Short Blades   | |  1.1

Action                   |  1- 3 |  4- 6 |  7- 9 | 10-12 || total
-------------------------+-------+-------+-------+-------++-------
Melee: Dagger            |   169 |   157 |   459 |   248 ||  1033
 Cast: Corona            |    11 |       |       |       ||    11
       Confuse           |    10 |    33 |   103 |    84 ||   230
       Ensorcelled Hiber |       |    12 |    39 |     9 ||    60
       Dazzling Spray    |       |       |    10 |     7 ||    17
Evoke: Wand              |       |       |       |    25 ||    25
  Use: Scroll            |     2 |     2 |    10 |     5 ||    19
       Potion            |     1 |     3 |     1 |     3 ||     8
 Stab: Sleeping          |    11 |    14 |    47 |    20 ||    92
       Confused          |     4 |    15 |    39 |    37 ||    95
       Distracted        |       |     1 |     2 |     2 ||     5
       Invisible         |       |       |     3 |     1 ||     4
  Eat: Bread ration      |       |     1 |     2 |       ||     3
       Pizza             |       |       |     1 |       ||     1
Armor: Robe              |    23 |     9 |    65 |    19 ||   116
Dodge: Dodged            |   136 |    94 |   490 |   251 ||   971
